 Dungeon Crawl Stone Soup version 0.17-a0-755-g4391640 (webtiles) character file.

568 oplop the Gusty (level 7, -5/37 HPs)
             Began as a Tengu Air Elementalist on Apr 23, 2015.
             Shot with an arrow by a centaur (10 damage)
             ... on level 5 of the Dungeon.
             The game lasted 00:07:15 (3155 turns).

oplop the Gusty (Tengu Air Elementalist)            Turns: 3155, Time: 00:07:15

Health: -5/37      AC:  7    Str:  9    XL:     7   Next: 33%
Magic:  12/14      EV: 12    Int: 17    God:
Gold:   148        SH:  0    Dex: 14    Spells: 4 memorised, 6 levels left

rFire  . . .     SeeInvis .     e - +0 mace
rCold  . . .     Clarity  .     a - +0 robe
rNeg   . . .     SustAb   +     (no shield)
rPois  .         Gourm    .     (helmet restricted)
rElec  .         Spirit   .     g - +0 cloak
rCorr  .         Warding  .     (no gloves)
rMut   .         Stasis   .     (boots unavailable)
MR     .....                    (no amulet)
Stlth  ++........               r - ring of sustain abilities
                                o - +4 ring of protection

@: not resistant to hostile enchantments, unstealthy
A: beak, talons 3, able to fly 1
a: Fly


You were on level 5 of the Dungeon.
You were not hungry.

You visited 1 branch of the dungeon, and saw 5 of its levels.

You collected 148 gold pieces.

Inventory:

Hand weapons
 e - a +0 mace (weapon)
Armour
 a - a +0 robe (worn)
 g - a +0 cloak (worn)
Jewellery
 o - a +4 ring of protection (left hand)
 r - a ring of sustain abilities (right hand)
Magical devices
 p - a wand of flame (48)
Scrolls
 d - a scroll of noise
 f - 3 scrolls of identify
 l - 2 scrolls of blinking
 m - 4 scrolls of remove curse
 u - a scroll of fog
Potions
 h - a potion of heal wounds
 i - a potion of haste {unknown}
 j - a potion of invisibility {unknown}
 n - a potion of restore abilities {unknown}
 q - a potion of poison {unknown}
 t - a potion of brilliance {unknown}
Books
 b - a book of Air

   Spells                             Type                      Level
   a - Shock                          Conjuration/Air              1
   b - Swiftness                      Charms/Air                   2
   c - Repel Missiles                 Charms/Air                   2
   d - Flight                         Charms/Air                   3
   e - Static Discharge               Conjuration/Air              3
   f - Lightning Bolt                 Conjuration/Air              5
Comestibles
 c - a bread ration
 k - 2 meat rations
 s - 2 chunks of flesh


   Skills:
 + Level 0.8 Fighting
 + Level 0.7 Maces & Flails
 - Level 2.1 Dodging
 - Level 2.0 Stealth
 + Level 4.3 Spellcasting
 + Level 5.7 Conjurations
 + Level 6.8 Air Magic


You had 6 spell levels left.
You knew the following spells:

 Your Spells              Type           Power        Failure   Level  Hunger
a - Shock                 Conj/Air       ####         1%          1    None
b - Static Discharge      Conj/Air       ####....     4%          3    ###....
r - Repel Missiles        Chrm/Air       ###...       10%         2    ##.....
s - Swiftness             Chrm/Air       ###.....     10%         2    ##.....


Dungeon Overview and Level Annotations

Branches:
Dungeon (5/15)
 Temple: D:4-7

Altars:
Dithmenos
Fedhas
Gozag
Kikubaaqudgha
Qazlal
Sif Muna

Shops:
D:4 =

Annotations:
D:4 Dowan, Duvessa


Innate Abilities, Weirdness & Mutations

You have a beak for a mouth.
You have claws for feet.
You can fly.


Message History

Confirm with . or Enter, or press ? or * to list all spells.
You can't see any susceptible monsters within range! (Use Z to cast anyway.) Unknown command.
Wield which item (- for none, * to show all)? (? for menu, Esc to quit)
Okay, then.
A centaur comes into view.
You hit the sky beast but do no damage. Your kick misses the sky beast.
The sky beast hits you. The sky beast shocks you.
You barely miss the sky beast.
The centaur shouts!
The centaur wields a shortbow.
The centaur shoots an arrow.
The arrow hits you. The sky beast misses you.
The centaur shoots an arrow.
The arrow hits you.
The sky beast hits you but does no damage.
You closely miss the sky beast.
You claw the sky beast, but do no damage.
The centaur shoots an arrow.
The arrow hits you!
* * * LOW HITPOINT WARNING * * *
The sky beast hits you but does no damage.
The centaur shoots an arrow.
The arrow hits you!
You die...

# .c ###.## # #....# #
# #. #.#..##. ...
#.##.##... ..
#....##!###.##
#..........#
#.....@Y...#
#..).......#
#####.............
#(...........#..##
######............##.#
#.................##.##
#...............####..#
#.....................#
.
#.....................#
.


You could see a sky beast and a centaur.

Vanquished Creatures
  An ogre (D:4)
  A centaur (D:5)
  A scorpion (D:4)
  A crimson imp (D:5)
  3 orc wizards
  An orc priest (D:3)
  An iguana (D:5)
  A worker ant (D:4)
  5 gnolls
  5 adders
  An ooze (D:1)
  6 orcs
  4 bats
  A giant cockroach (D:1)
  7 goblins
  11 hobgoblins
  3 jackals (D:1)
  5 kobolds
  4 quokkas
  3 ball pythons
  2 giant geckos
  9 giant newts
  7 rats
83 creatures vanquished.

Notes
Turn   | Place    | Note
--------------------------------------------------------------
     0 | D:1      | oplop, the Tengu Air Elementalist, began the quest for the Orb.
     0 | D:1      | Reached XP level 1. HP: 10/10 MP: 4/4
   178 | D:1      | Reached XP level 2. HP: 15/15 MP: 0/6
   445 | D:1      | Reached XP level 3. HP: 11/19 MP: 7/7
  1085 | D:2      | Learned a level 2 spell: Repel Missiles
  1089 | D:2      | Learned a level 3 spell: Static Discharge
  1149 | D:2      | Reached XP level 4. HP: 22/24 MP: 6/9
  1241 | D:2      | Learned a level 2 spell: Swiftness
  1502 | D:3      | Reached skill level 5 in Air Magic
  1551 | D:3      | Gained mutation: You can fly. [Tengu growth]
  1551 | D:3      | Reached XP level 5. HP: 12/28 MP: 0/10
  2070 | D:3      | Found a stormy altar of Qazlal.
  2226 | D:4      | Found an ancient bone altar of Kikubaaqudgha.
  2300 | D:4      | Found a deep blue altar of Sif Muna.
  2311 | D:4      | Reached XP level 6. HP: 32/32 MP: 5/12
  2340 | D:4      | Reached skill level 6 in Air Magic
  2561 | D:4      | Found a blossoming altar of Fedhas.
  2584 | D:4      | Found a shadowy altar of Dithmenos.
  2588 | D:4      | Noticed an ogre
  2592 | D:4      | Killed an ogre
  2592 | D:4      | Reached skill level 5 in Conjurations
  2755 | D:4      | Found Sunwy's Jewellery Emporium.
  2785 | D:4      | Noticed Duvessa
  2785 | D:4      | Noticed Dowan
  2819 | D:5      | Entered Level 5 of the Dungeon
  2842 | D:5      | Reached XP level 7. HP: 33/36 MP: 0/14
  3075 | D:5      | Found an opulent altar of Gozag.
  3155 | D:5      | Shot with an arrow by a centaur

Action                   |  1- 3 |  4- 6 |  7- 9 || total
-------------------------+-------+-------+-------++-------
Melee: Mace              |    54 |    65 |     8 ||   127
       Unarmed           |     1 |       |       ||     1
 Cast: Shock             |    36 |    71 |    15 ||   122
       Static Discharge  |       |     8 |     1 ||     9
       Repel Missiles    |       |       |     1 ||     1
Evoke: Wand              |       |     1 |       ||     1
  Use: Scroll            |       |     7 |       ||     7
 Stab: Sleeping          |     1 |     1 |       ||     2
  Eat: Chunk             |     1 |     3 |       ||     4
       Bread ration      |       |     1 |       ||     1
